 Dungeon Sprint DCSS version 0.31-a0-1-g4198be8af4 (webtiles) character file.

Game seed: 8927075520171859346

4092 sircluck the Severer (level 10, -4/106 HPs)
             Began as a Hill Orc Berserker on May 2, 2023.
             Was the Champion of Trog.
             Slain by a blink frog (9 damage)
             ... in the Dungeon (Sprint IX: "|||||||||||||||||||||||||||||").
             The game lasted 00:02:31 (1118 turns).

sircluck the Severer (Hill Orc Berserker)           Turns: 1118, Time: 00:02:33

Health: -4/106     AC: 11    Str: 25    XL:     10   Next: 26%
Magic:  10/10      EV: 17    Int:  7    God:    Trog [******]
Gold:   0          SH:  0    Dex: 10    Spells: 9/9 levels left

rFire   . . .        p - +1 broad axe (heavy)
rCold   . . .        (no shield)
rNeg    . . .        m - +2 ring mail
rPois   .            n - +0 helmet
rElec   .            o - +0 cloak
rCorr   .            (no gloves)
SInv    .            (no boots)
Will    .....        (no amulet)
Stlth   +            k - +2 ring of evasion
HPRegen 0.37/turn    l - +2 ring of evasion
MPRegen 0.12/turn

%: no teleportation
@: no status effects
A: no striking features
a: Renounce Religion, Berserk, Trog's Hand, Brothers in Arms


You were in the Dungeon.
You worshipped Trog.
Trog was exalted by your worship.
You visited 1 branch

Inventory:

Hand Weapons
 a - a +0 hand axe
 p - a +1 heavy broad axe (weapon)
Armour
 b - a +0 animal skin
 m - a +2 ring mail (worn)
 n - a +0 helmet (worn)
 o - a +0 cloak (worn)
Jewellery
 k - a +2 ring of evasion (left hand)
 l - a +2 ring of evasion (right hand)
Wands
 h - a wand of mindburst (17)
 j - a wand of iceblast (3)
Scrolls
 q - a scroll of silence
 r - 4 scrolls of enchant weapon
 s - 3 scrolls of fear
 t - a scroll of identify
Potions
 c - 4 potions of curing
 d - 11 potions of heal wounds
 e - a potion of haste
 f - 4 potions of magic
 g - 2 potions of berserk rage
 i - a potion of invisibility


   Skills:
 + Level 15.4 Fighting
 + Level 19.7 Axes
 + Level 8.1 Armour
 + Level 7.8 Dodging
 + Level 1.9 Stealth
 + Level 5.0 Evocations


You had 9 spell levels left.
You didn't know any spells.
Your spell library was empty.

Dungeon Overview and Level Annotations

Branches:
Dungeon (1/1)

Altars:
Cheibriados
Dithmenos
Elyvilon
Fedhas
Gozag
Hepliaklqana
Kikubaaqudgha
Makhleb
Nemelex Xobeh
Okawaru
Qazlal
Ru
Sif Muna
Trog
Uskayaw
Vehumet
Wu Jian
Xom
Yredelemnul
Zin
The Shining One
Beogh
Jiyva
Lugonu


Message History

Things that are here:
a cane toad corpse; a polar bear corpse; a cane toad corpse You cut the bullfrog into ribbons!!!
You kill the bullfrog!
Trog accepts your kill. Trog grants you a weapon!
Something appears at your feet!
You see here a +2 antimagic lajatang.
You feel sick.
You feel sick.
The blink frog blinks!
You feel sick. The blink frog barely misses you.
You closely miss the blink frog.
You feel sick.
The blink frog hits you but does no damage.
The blink frog misses you.
You miss the blink frog.
You feel sick.
You are no longer poisoned.
The blink frog hits you.
* * * LOW HITPOINT WARNING * * *
You closely miss the blink frog.
The blink frog blinks!
The blink frog blinks! x2
You barely miss the blink frog. The blink frog hits you.
* * * LOW HITPOINT WARNING * * *
You slice the blink frog!!
The blink frog is heavily wounded.
The blink frog closely misses you.
The blink frog blinks!
The blink frog misses you.
The blink frog blinks!
The blink frog misses you.
You slice the blink frog!!
The blink frog is almost dead.
The blink frog closely misses you.
You miss the blink frog.
The blink frog is almost dead.
The blink frog hits you!
* * * LOW HITPOINT WARNING * * *
The blink frog hits you but does no damage.
You slash the blink frog!
The blink frog is almost dead.
You slash the blink frog!
You kill the blink frog!
Trog accepts your kill. The blink frog hits you!
You die...

▓.▓.▓'▓
▓.▓.▓_▓
▓.▓.▓_▓
▓.▓.▓_▓
▓.▓.▓_▓
▓)▓.▓_▓
▓.▓.▓_▓
▓†▓.▓_▓
▓@▓.▓_▓
▓F▓.▓_▓
▓.▓.▓_▓
▓.▓.▓_▓
▓.▓.▓_▓
▓.▓.▓_▓
▓.▓.▓_▓
▓+▓.▓_▓
▓.▓_▓


You could see a blink frog.

Vanquished Creatures
  A two-headed ogre (D)
  An ugly thing (D)
  2 manticores (D)
  2 cane toads (D)
  3 trolls (D)
  A hornet (D)
  A blink frog (D)
  A polar bear (D)
  3 acid dragons (D)
  3 water moccasins (D)
  A kobold brigand (D)
  A bullfrog (D)
  A hound (D)
  2 adders (D)
  2 orcs (D)
  A ball python (D)
  2 bats (D)
  A hobgoblin (D)
  A kobold (D)
30 creatures vanquished.

Notes
Turn   | Place    | Note
-------+----------+-------------------------------------------
     0 | D        | sircluck the Hill Orc Berserker began the quest for the
                  | Orb.
     0 | D        | Reached XP level 1. HP: 19/19 MP: 1/1
    23 | D        | Reached ** piety under Trog
    26 | D        | HP: 1/20 [bat (1)]
    28 | D        | Reached skill level 5 in Axes
   118 | D        | Noticed a hound
   125 | D        | Reached XP level 2. HP: 16/28 MP: 2/2
   128 | D        | Reached *** piety under Trog
   129 | D        | Reached skill level 5 in Fighting
   129 | D        | Reached skill level 6 in Axes
   129 | D        | Reached XP level 3. HP: 32/37 MP: 3/3
   132 | D        | Reached skill level 7 in Axes
   135 | D        | Reached XP level 4. HP: 40/44 MP: 4/4
   346 | D        | Found a roughly hewn altar of Beogh.
   346 | D        | Found a snail-covered altar of Cheibriados.
   346 | D        | Found a shadowy altar of Dithmenos.
   346 | D        | Found a white marble altar of Elyvilon.
   346 | D        | Found a blossoming altar of Fedhas.
   346 | D        | Found an opulent altar of Gozag.
   347 | D        | Found a hazy altar of Hepliaklqana.
   348 | D        | Found a viscous altar of Jiyva.
   349 | D        | Found an ancient bone altar of Kikubaaqudgha.
   350 | D        | Found a corrupted altar of Lugonu.
   351 | D        | Found a burning altar of Makhleb.
   352 | D        | Found a sparkling altar of Nemelex Xobeh.
   353 | D        | Found an iron altar of Okawaru.
   354 | D        | Found a stormy altar of Qazlal.
   355 | D        | Found a sacrificial altar of Ru.
   356 | D        | Found a shimmering blue altar of Sif Muna.
   357 | D        | Found a bloodstained altar of Trog.
   358 | D        | Found a hide-covered altar of Uskayaw.
   359 | D        | Found a radiant altar of Vehumet.
   360 | D        | Found an ornate altar of the Wu Jian Council.
   361 | D        | Found a shimmering altar of Xom.
   362 | D        | Found a basalt altar of Yredelemnul.
   363 | D        | Found a glowing silver altar of Zin.
   364 | D        | Found a glowing golden altar of the Shining One.
   427 | D        | Noticed an acid dragon
   427 | D        | Noticed a hornet
   427 | D        | Noticed a kobold brigand
   427 | D        | Noticed an acid dragon
   427 | D        | Noticed a troll
   427 | D        | Noticed a troll
   430 | D        | Killed an acid dragon
   430 | D        | Reached **** piety under Trog
   431 | D        | Reached skill level 10 in Axes
   431 | D        | Reached XP level 5. HP: 53/53 MP: 5/5
   438 | D        | Killed a hornet
   439 | D        | Reached skill level 12 in Axes
   439 | D        | Reached XP level 6. HP: 13/66 MP: 6/6
   443 | D        | Reached skill level 10 in Fighting
   443 | D        | Reached skill level 13 in Axes
   443 | D        | Reached skill level 5 in Armour
   486 | D        | Killed an acid dragon
   487 | D        | Reached skill level 5 in Dodging
   487 | D        | Reached skill level 1 in Evocations
   487 | D        | Reached XP level 7. HP: 24/73 MP: 7/7
   488 | D        | Killed a troll
   489 | D        | Reached skill level 14 in Axes
   489 | D        | Reached skill level 1 in Stealth
   492 | D        | Killed a troll
   492 | D        | Reached ***** piety under Trog
   493 | D        | Reached skill level 15 in Axes
   493 | D        | Reached XP level 8. HP: 29/83 MP: 8/8
   709 | D        | Noticed a two-headed ogre
   709 | D        | Noticed a manticore
   709 | D        | Noticed a troll
   709 | D        | Noticed a white ugly thing
   709 | D        | Noticed a manticore
   712 | D        | Killed a two-headed ogre
   713 | D        | Reached skill level 16 in Axes
   717 | D        | Killed a manticore
   718 | D        | Reached skill level 17 in Axes
   718 | D        | Reached XP level 9. HP: 62/93 MP: 9/9
   721 | D        | Killed a troll
   723 | D        | Killed a white ugly thing
   724 | D        | Reached skill level 18 in Axes
   733 | D        | Killed a manticore
  1082 | D        | Noticed a cane toad
  1085 | D        | Noticed a polar bear
  1086 | D        | Noticed a cane toad
  1089 | D        | Reached skill level 19 in Axes
  1095 | D        | Reached XP level 10. HP: 71/104 MP: 10/10
  1096 | D        | Killed a cane toad
  1096 | D        | Reached ****** piety under Trog
  1097 | D        | Reached skill level 15 in Fighting
  1099 | D        | Killed a cane toad
  1100 | D        | Reached skill level 5 in Evocations
  1105 | D        | Received a gift from Trog
  1117 | D        | HP: 4/106 [blink frog (12)]
  1118 | D        | Slain by a blink frog

Illustrated notes

Levels and vault maps discovered:
D:        linesprint [early_d, line_temple, items_1, d_10, items_2, lair_1,
          lair_end, items_3, orc_1, orc_end, items_4, d_15, swamp_1, shoals_1,
          snake_1, spider_1, d_20, vaults_1, items_5, swamp_end, shoals_end,
          snake_end, spider_end, vaults_end, d_27, items_6, zot_1, zot_end,
          crypt_end, forest_end, elf_end, slime_end, tomb_end, abyss_end,
          pan_hell_end]

Skill      XL: |  1  2  3  4  5  6  7  8  9 10 |
---------------+-------------------------------+-----
Fighting       | 4 5 6 7 9 10 11 13 14 15 | 15.4
Axes           | 5 6 7 10 12 13 15 17 19 | 19.7
Dodging        | 2 3 4 5 6 7 |  7.8
Armour         | 3 4 5 6 7 8 |  8.1
Evocations     | 1 2 3 4 5 |  5.0
Stealth        | 1 |  1.9

Action                     |  1- 3 |  4- 6 |  7- 9 | 10-12 || total
---------------------------+-------+-------+-------+-------++-------
  Melee: Hand axe          |    39 |       |       |       ||    39
         Broad axe         |       |     8 |    34 |    18 ||    60
 Invoke: Berserk           |     1 |       |     1 |       ||     2
  Evoke: Wand              |       |     5 |     2 |       ||     7
    Use: Scroll            |       |     2 |       |       ||     2
         Potion            |       |     1 |       |       ||     1
 Armour: Animal skin       |     7 |       |       |       ||     7
         Ring mail         |       |     9 |     7 |     3 ||    19
  Dodge: Dodged            |    24 |    12 |    31 |    10 ||    77

Table legend: (Time is in decaauts)
 A = Elapsed time spent in this place.
 B = Non-inter-level travel time spent in this place.
 C = Inter-level travel time spent in this place.
 D = Time resting spent in this place.
 E = Time spent auto-exploring this place.
 F = Levels seen in this place.
 G = Mean time per level.
                   A        B        C        D        E       F      G
               +--------+--------+--------+--------+--------+-----+--------+
         Total |   1144 |   1144 |      0 |    549 |    332 |   1 | 1144.0 |
       Dungeon |   1144 |   1144 |      0 |    549 |    332 |   1 | 1144.0 |
               +--------+--------+--------+--------+--------+-----+--------+

Top non-repeatable levels by time:
       D: 1144 daAuts
